 Dungeon Crawl Stone Soup version 0.28.0-1-gb440e238dd (webtiles) character file.

Game seed: 885289882230307556

41923 Peloso the Fencer (level 13, -2/122 HPs)
             Began as a Minotaur Fighter on Feb 20, 2022.
             Was a High Priest of Okawaru.
             Slain by a wraith (4 damage)
             ... on level 14 of the Dungeon.
             The game lasted 00:49:44 (27794 turns).

Peloso the Fencer (Minotaur Fighter)               Turns: 27794, Time: 00:49:45

Health: -2/122     AC: 23    Str: 23    XL:     13   Next: 82%
Magic:  0/14       EV: 14    Int:  5    God:    Okawaru [*****.]
Gold:   2087       SH:  8    Dex: 16    Spells: 12/12 levels left

rFire   x . .      SeeInvis .   a - +9 double sword "Vuymyff" {flame, rF- Dex+3}
rCold   + . .      Faith    .   c - +0 buckler
rNeg    + . .      Spirit   +   j - +2 chain mail {rN+}
rPois   +          Reflect  .   (helmet restricted)
rElec   .          Harm     .   y - +0 cloak
rCorr   .          Rampage  .   z - +0 pair of gloves
Will    .....                   A - +1 pair of boots
Stlth   +.........              C - amulet of guardian spirit
HPRegen 0.30/turn               h - ring of protection from cold
MPRegen 0.14/turn               F - ring of poison resistance

@: heroic, slowed, very slow
A: horns 2, retaliatory headbutt
a: Renounce Religion, Heroism, Finesse, Duel


You were on level 14 of the Dungeon.
You worshipped Okawaru.
Okawaru was extremely pleased with you.
You visited 4 branches of the dungeon, and saw 20 of its levels.
You also visited: Bailey.

You collected 2087 gold pieces.

Inventory:

Hand Weapons
 a - the +9 double sword "Vuymyff" (weapon) {flame, rF- Dex+3}
   (Okawaru gifted it to you on level 2 of the Lair of Beasts)

   It burns those it strikes, dealing additional fire damage.
   Big, fiery blades are also staple armaments of hydra-hunters.
   Dex:       It affects your dexterity (+3).
   rF:        It makes you vulnerable to fire.
 b - a +0 hand axe of flaming
Armour
 c - a +0 buckler (worn)
 j - a +2 chain mail of positive energy (worn)
 y - a +0 cloak (worn)
 z - a +0 pair of gloves (worn)
 A - a +1 pair of boots (worn)
Jewellery
 h - a ring of protection from cold (left hand)
 p - a ring of see invisible
 q - a ring of fire
 B - a +4 ring of protection
 C - an amulet of guardian spirit (around neck)
 F - a ring of poison resistance (right hand)
Wands
 l - a wand of flame (12)
 n - a wand of iceblast (6)
 H - a wand of paralysis (3)
Scrolls
 e - 3 scrolls of immolation
 f - 4 scrolls of teleportation
 g - a scroll of enchant weapon
 i - 2 scrolls of identify
 m - 4 scrolls of noise
 r - 3 scrolls of fear
 K - a scroll of magic mapping
 L - 2 scrolls of blinking {unknown}
Potions
 d - 2 potions of haste
 k - 5 potions of curing
 o - a potion of mutation
 s - a potion of heal wounds
 u - a potion of resistance {unknown}
 w - a potion of flight {unknown}
 x - a potion of brilliance {unknown}
 D - 2 potions of ambrosia {unknown}
 I - 4 potions of magic {unknown}


   Skills:
 + Level 13.2(18.2) Fighting
 + Level 2.5(14.7) Short Blades
 + Level 15.7(20.8) Long Blades
 + Level 14.9(19.9) Armour
 + Level 5.8(10.8) Dodging
 + Level 4.9(9.9) Stealth
 + Level 10.9(15.9) Shields
 + Level 3.2 Invocations
 + Level 2.1 Evocations


You had 12 spell levels left.
You didn't know any spells.
Your spell library contained the following spells:

 Spells                   Type           Power      Damage    Failure   Level
 Freeze                   Ice            0%         1d3       91%         1
 Magic Dart               Conj           0%         1d3       91%         1
 Pain                     Necr           0%         1d4       91%         1
 Shock                    Conj/Air       0%         1d3       91%         1
 Searing Ray              Conj           0%         2d4       97%         2
 Frozen Ramparts          Ice            0%         1d2       99%         3
 Gell's Gravitas          Tloc           0%         N/A       99%         3
 Portal Projectile        Hex/Tloc       0%         N/A       99%         3
 Swiftness                Air            0%         N/A       99%         3
 Teleport Other           Tloc           0%         N/A       99%         3
 Vampiric Draining        Necr           0%         2d6       99%         3
 Airstrike                Air            0%         N/A       100%        4
 Anguish                  Hex/Necr       0%         N/A       100%        4
 Fulminant Prism          Conj/Hex       0%         3d6       100%        4
 Hailstorm                Conj/Ice       0%         3d3       100%        4
 Iskenderun's Mystic Bla  Conj/Tloc      0%         2d3       100%        4
 Passage of Golubria      Tloc           0%         N/A       100%        4
 Blade Hands              Tmut           0%         N/A       100%        5
 Excruciating Wounds      Necr           0%         N/A       100%        5
 Lee's Rapid Deconstruct  Erth           0%         3d5*      100%        5
 Yara's Violent Unravell  Hex/Tmut       0%         3d3       100%        5
 Dispersal                Tloc           0%         N/A       100%        6
 Enfeeble                 Hex            0%         N/A       100%        7
 Animate Skeleton         Necr           Unusable   N/A       N/A         1
 Tukima's Dance           Hex            Unusable   N/A       N/A         3

Dungeon Overview and Level Annotations

Branches:
Dungeon (14/15)            Temple (1/1) D:7            Lair (3/6) D:10
  Swamp (0/4) Lair:3        Snake (0/4) Lair:3          Orc (2/2) D:12
    Elf (0/3) Orc:2        Bailey (visited)
 Vaults: D:13-14

Altars:
Ashenzari
Cheibriados
Dithmenos
Elyvilon
Fedhas
Gozag
Hepliaklqana
Makhleb
Okawaru
Qazlal
Ru
Sif Muna
Uskayaw
Vehumet
Wu Jian
Xom
Yredelemnul
Zin
Beogh

Shops:
Orc:2 *:[(

Portals:
Trove: D:11 (show abyssal rune of Zot)


Innate Abilities, Weirdness & Mutations

You have a pair of horns on your head.
You reflexively headbutt those who attack you in melee.


Message History

The wraith barely misses you. You furiously retaliate!
You headbutt the wraith! The fire elemental hits you.
The fire elemental burns you! The fire burns you terribly!
The deep elf pyromancer gestures wildly while chanting.
You closely miss the fire elemental.
Your headbutt misses the fire elemental.
The fire elemental is lightly damaged.
You slash the fire elemental!
The fire elemental is moderately damaged.
The fire elemental hits you. The fire elemental burns you!
The fire burns you terribly! The wraith hits you!
The wraith drains your vigour!
You feel yourself slow down.
You barely miss the fire elemental.
The fire elemental is moderately damaged.
The fire elemental hits you. The fire elemental burns you!
The fire burns you terribly!
* * * LOW HITPOINT WARNING * * *
The wraith hits you but does no damage.
The deep elf pyromancer hits you with a +0 long sword.
* * * LOW HITPOINT WARNING * * *
The fire elemental hits you. The fire elemental burns you!
The fire burns you terribly!
* * * LOW HITPOINT WARNING * * *
You gain the combat prowess of a mighty hero.
You block the wraith's attack. The fire elemental misses you.
You furiously retaliate!
You headbutt the fire elemental!
The deep elf pyromancer gestures wildly while chanting.
The deep elf pyromancer blinks!
The deep elf pyromancer hits you with a +0 long sword!
* * * LOW HITPOINT WARNING * * *
The fire elemental hits you. The fire elemental burns you!
The fire burns you terribly!
* * * LOW HITPOINT WARNING * * *
The wraith hits you but does no damage.
You slash the deep elf pyromancer! You burn the deep elf pyromancer.
You headbutt the deep elf pyromancer!
The deep elf pyromancer is heavily wounded.
The deep elf pyromancer casts a spell.
The fire elemental hits you. The wraith hits you.
You die...

*,...##...####,*,....##
**,,#......#.####.....##***
,,#..#......#...........,,*
,..#,##................#,,*
,.**,,#..........##*****,,*******
,,**#..##....☼°E.#,,,,,*,,*,,,,∩*
,,* ###*##..#.#E##,,,,,*,,*,,,,,*
**** #....#.#eW#,,,,,*,,*,,,,,*
,,,* ##....###@#,,,,,+,,*,,,,,*
,*******##..#**#E#,,,,,+,,*,,,,,*
,**,*,,,,....,,.E#******,,*++****
*,,,*,*,..##**##°.,,,,,,,,,,,,,,,
,,***,,,,,,** #°.,,,,,,,,,,,,,,,
,,,**,*,,*,,* #°##*****,,*++****
,,,,,,,**,,,* #°#,,,,,+,,*,,,,,*
**,,,,,,***** #.#,,,,,+,,*,,,,,*
**,,,,,,,* *****,*,,,,,*,,*,,,,,*


You could see a deep elf pyromancer, 4 fire elementals and a wraith.

Vanquished Creatures
  Rupert (D:12)
  An orc warlord (Orc:2)
  The ghost of Nymaqeth the Cleaver, a journeyman DDEE of Makhleb (Lair:2)
  3 hydras
  5 boulder beetles
  4 two-headed ogres
  A death knight (D:13)
  A tengu warrior (D:13)
  3 orc high priests
  A phantasmal warrior (D:13)
  A spectral hydra (Lair:2)
  An ugly thing (D:13)
  A deep elf pyromancer (D:8)
  3 orc sorcerers
  4 cyclopes
  Maurice (D:13)
  Joseph (D:9)
  A black mamba (Lair:3)
  A gargoyle (D:12)
  The ghost of daodarkstar the Chopper, a novice DsFi (D:5)
  An unseen horror (D:10)
  5 cane toads
  A rime drake (Lair:1)
  3 komodo dragons
  An efreet (D:14)
  A tyrant leech (Lair:3)
  6 trolls
  2 hornets
  3 blink frogs (Lair:3)
  Grinder (D:6)
  A spectral black mamba (Lair:2)
  A centaur simulacrum (D:11)
  A wyvern (D:8)
  5 wraiths
  12 yaks
  A basilisk (D:13)
  A spectral komodo dragon (Lair:2)
  4 vampire mosquitoes (D:12)
  5 wargs
  A swamp worm (Lair:3)
  11 water moccasins
  2 acid dragons
  A hydra simulacrum (Lair:2)
  An ice beast (D:6)
  44 orc warriors
  4 black bears
  A hornet zombie (D:8)
  5 necrophages
  A spectral torpor snail (Lair:2)
  2 sky beasts
  9 ogres
  11 centaurs
  5 wolves
  A phantom (D:4)
  3 kobold brigands
  14 bullfrogs
  A wyvern zombie (D:9)
  A gnoll sergeant (D:12)
  A cane toad simulacrum (Lair:2)
  4 scorpions
  A water moccasin skeleton (D:4)
  5 wights (D:6)
  8 centaur zombies
  2 howler monkeys
  A bullfrog zombie (D:5)
  A human zombie (D:9)
  A jelly (D:5)
  21 orc priests
  A gnoll shaman (D:4)
  Crazy Yiuf (D:5)
  5 hounds
  2 centaur skeletons
  Ijyb (D:5)
  2 iguanas
  Natasha (thrice) (D:3)
  13 orc wizards
  A scorpion zombie (D:5)
  3 killer bee zombies
  2 hound skeletons (D:4)
  7 gnolls
  A howler monkey skeleton (D:5)
  6 adders
  A shadow imp (D:7)
  3 white imps
  An ufetubus (D:5)
  2 worms
  4 dart slugs
  94 orcs
  11 ball pythons
  7 endoplasms
  3 giant cockroaches
  7 hobgoblins
  8 jackals
  12 kobolds
  A quokka (D:2)
  4 bats
  A frilled lizard (D:1)
  10 goblins
  12 rats
483 creatures vanquished.

Vanquished Creatures (others)
  An orc (Orc:1)
  6 fungi
  24 plants
31 creatures vanquished.

Grand Total: 514 creatures vanquished

Notes
Turn   | Place    | Note
-------+----------+-------------------------------------------
     0 | D:1      | Peloso the Minotaur Fighter began the quest for the Orb.
     0 | D:1      | Reached XP level 1. HP: 19/19 MP: 0/0
   179 | D:1      | Reached XP level 2. HP: 25/27 MP: 1/1
   195 | D:1      | Found a faded altar of an unknown god.
   873 | D:2      | Reached XP level 3. HP: 33/33 MP: 2/2
  1353 | D:2      | Reached skill level 3 in Long Blades
  1458 | D:3      | Noticed Natasha
  1463 | D:3      | Killed Natasha
  1464 | D:3      | Reached XP level 4. HP: 27/40 MP: 3/3
  1848 | D:3      | Noticed Natasha
  1863 | D:3      | Killed Natasha
  1864 | D:3      | Reached skill level 1 in Dodging
  2382 | D:3      | Noticed Natasha
  2390 | D:3      | Killed Natasha
  2391 | D:3      | Reached skill level 4 in Long Blades
  2391 | D:3      | Reached XP level 5. HP: 35/46 MP: 4/4
  2751 | D:4      | Reached skill level 5 in Armour
  3313 | D:4      | Reached XP level 6. HP: 52/53 MP: 5/5
  3398 | D:4      | Reached skill level 5 in Long Blades
  3872 | D:4      | Reached XP level 7. HP: 58/60 MP: 6/6
  4024 | D:4      | Found a snail-covered altar of Cheibriados.
  4211 | D:5      | Entered Level 5 of the Dungeon
  4222 | D:4      | Reached skill level 6 in Long Blades
  4222 | D:4      | Reached skill level 5 in Shields
  4349 | D:5      | Reached skill level 5 in Fighting
  4387 | D:5      | Found a sacrificial altar of Ru.
  4408 | D:5      | Found a glowing silver altar of Zin.
  4418 | D:5      | Reached skill level 7 in Long Blades
  4448 | D:5      | Noticed Ijyb
  4478 | D:5      | Killed Ijyb
  4534 | D:5      | Reached XP level 8. HP: 65/68 MP: 7/7
  4545 | D:5      | Identified the +2 leather armour of Slovenliness {rElec rF+
                  | Str+2 Int+4}
  4551 | D:5      | Found an ornate altar of the Wu Jian Council.
  4551 | D:5      | Found a stormy altar of Qazlal.
  4594 | D:5      | Noticed a +0 hand axe
  4594 | D:5      | Noticed a +0 dagger
  4623 | D:5      | Found a hide-covered altar of Uskayaw.
  4976 | D:5      | Found a runed translucent gate.
  4976 | D:5      | Found a runed translucent gate.
  4976 | D:5      | Found an opulent altar of Gozag.
  4976 | D:5      | Noticed a troll
  4977 | D:5      | Found a runed translucent gate.
  4977 | D:5      | Noticed a hornet
  4978 | D:5      | Noticed daodarkstar's ghost (novice DsFi)
  5090 | D:5      | Found a runed translucent door.
  5091 | D:5      | Noticed Crazy Yiuf
  5241 | D:5      | Killed Crazy Yiuf
  6169 | D:6      | Reached skill level 8 in Long Blades
  6375 | D:6      | Noticed a two-headed ogre
  6383 | D:6      | Killed a two-headed ogre
  6384 | D:6      | Reached skill level 9 in Long Blades
  6384 | D:6      | Reached skill level 1 in Stealth
  6384 | D:6      | Reached XP level 9. HP: 79/79 MP: 8/8
  6400 | D:6      | Noticed Grinder
  6404 | D:6      | Found a shimmering altar of Xom.
  6442 | D:6      | Killed Grinder
  6455 | D:6      | Identified the +1 ring mail of the Journeyman {rElec MP+9
                  | Str-2 Int-4}
  6663 | D:6      | Reached skill level 1 in Evocations
  7088 | D:6      | Reached skill level 10 in Long Blades
  7151 | D:7      | Found a staircase to the Ecumenical Temple.
  7209 | Temple   | Entered the Ecumenical Temple
  7405 | Temple   | Became a worshipper of Warmaster Okawaru
  7476 | D:7      | Found a broken altar of Ashenzari.
  8282 | D:5      | Reached skill level 11 in Long Blades
  8291 | D:5      | Killed daodarkstar's ghost
  8291 | D:5      | Reached * piety under Okawaru
  8292 | D:5      | Reached XP level 10. HP: 61/88 MP: 7/9
  8585 | D:8      | Paralysed by a hornet for 2 turns
  8939 | D:8      | Reached skill level 10 in Armour
  8963 | D:8      | Noticed a deep elf pyromancer
  9164 | D:9      | Found a flagged portal.
  9186 | Bailey   | Entered a bailey
 11321 | Bailey   | Reached ** piety under Okawaru
 11487 | Bailey   | Reached skill level 12 in Long Blades
 12364 | D:9      | Found an opulent altar of Gozag.
 12370 | D:9      | Found a blossoming altar of Fedhas.
 12465 | D:9      | Noticed Joseph
 12489 | D:9      | Killed Joseph
 12490 | D:9      | Reached skill level 1 in Invocations
 12916 | D:9      | Found a basalt altar of Yredelemnul.
 12958 | D:9      | Reached XP level 11. HP: 79/97 MP: 8/10
 13280 | D:8      | Killed a deep elf pyromancer
 13369 | D:8      | Noticed a two-headed ogre
 13379 | D:8      | Killed a two-headed ogre
 13642 | D:10     | Entered Level 10 of the Dungeon
 13782 | D:10     | Reached *** piety under Okawaru
 14151 | D:10     | Found a shimmering blue altar of Sif Muna.
 14326 | D:10     | You fall into a shaft and drop 2 floors!
 14332 | D:12     | Noticed a boulder beetle
 14335 | D:12     | Noticed Rupert
 14340 | D:12     | Noticed a boulder beetle
 14340 | D:12     | Noticed a boulder beetle
 14526 | D:12     | Killed a boulder beetle
 14527 | D:12     | Reached skill level 13 in Long Blades
 14769 | D:12     | Noticed a boulder beetle
 14783 | D:12     | Killed a boulder beetle
 14809 | D:12     | Killed a boulder beetle
 15069 | D:12     | Found a staircase to the Orcish Mines.
 15272 | D:11     | Reached **** piety under Okawaru
 15650 | D:10     | Found a staircase to the Lair.
 15720 | D:11     | Noticed a two-headed ogre
 15725 | D:11     | Killed a two-headed ogre
 15726 | D:11     | Reached skill level 10 in Fighting
 15850 | D:11     | Found a portal to a secret trove of treasure.
 15916 | D:11     | Noticed a boulder beetle
 15947 | D:11     | Killed a boulder beetle
 16453 | D:11     | Noticed a two-headed ogre
 16460 | D:11     | Killed a two-headed ogre
 16460 | D:11     | Received a gift from Okawaru
 16787 | D:11     | Reached XP level 12. HP: 97/106 MP: 9/12
 16912 | Lair:1   | Entered Level 1 of the Lair of Beasts
 16912 | Lair:1   | Noticed a seven-headed hydra
 16949 | Lair:1   | Killed a seven-headed hydra
 17478 | Lair:1   | Reached skill level 14 in Long Blades
 18219 | Lair:1   | Identified the +8 hand crossbow "Uvvampov" {vorpal, rC+}
 18543 | Lair:2   | Noticed an eight-headed hydra
 18560 | Lair:2   | Killed an eight-headed hydra
 18561 | Lair:2   | Reached skill level 1 in Short Blades
 18892 | Lair:2   | Found a runed translucent gate.
 18892 | Lair:2   | Found a runed translucent gate.
 18892 | Lair:2   | Found a runed translucent gate.
 18895 | Lair:2   | Noticed Nymaqeth's ghost (journeyman DDEE)
 18906 | Lair:2   | Noticed a six-headed hydra
 18918 | Lair:2   | Killed a six-headed hydra
 19840 | D:12     | Paralysed by Rupert for 6 turns
 19857 | D:12     | Killed Rupert
 20323 | D:12     | Killed a boulder beetle
 20721 | Orc:1    | Entered Level 1 of the Orcish Mines
 20756 | Orc:1    | Reached ***** piety under Okawaru
 20823 | Orc:1    | Noticed an orc high priest
 21053 | Orc:1    | Paralysed by an orc sorcerer for 5 turns
 21069 | D:12     | Paralysed by an orc sorcerer for 2 turns
 21266 | Orc:1    | Killed an orc high priest
 21632 | Orc:2    | Entered Level 2 of the Orcish Mines
 22073 | Orc:2    | Noticed an orc high priest
 22114 | Orc:2    | Killed an orc high priest
 22115 | Orc:2    | Reached skill level 5 in Dodging
 22627 | Orc:2    | Reached XP level 13. HP: 104/117 MP: 12/14
 22814 | Orc:2    | Found Alelos's Book Boutique.
 23039 | Orc:2    | Reached skill level 10 in Shields
 23381 | Orc:2    | Found Diduc's General Store.
 23760 | Orc:2    | Found a staircase to the Elven Halls.
 23771 | Orc:2    | Noticed an orc warlord
 24160 | Orc:2    | Paralysed by an orc sorcerer for 7 turns
 24333 | Orc:2    | Killed an orc warlord
 24751 | Orc:2    | Found Romyshro's Antique Armour Emporium.
 24773 | Orc:2    | Found Kozu Xua's Antique Weapon Shoppe.
 25136 | Lair:2   | Identified the +9 double sword "Vuymyff" {flame, rF- Dex+3}
                  | (Okawaru gifted it to you on level 2 of the Lair of Beasts)
 25136 | Lair:2   | Received a gift from Okawaru
 25161 | Lair:2   | Killed Nymaqeth's ghost
 25194 | Lair:2   | Identified the +0 cloak of Day {Fly Str-2 Int+6 Stlth+}
 25450 | Lair:3   | Found a staircase to the Swamp.
 25574 | Lair:3   | Found a staircase to the Snake Pit.
 25723 | Lair:3   | Reached skill level 15 in Long Blades
 26951 | D:13     | Identified the +0 cloak of Untold Secrets {Harm rN+ Will+}
                  | (Okawaru gifted it to you on level 13 of the Dungeon)
 26951 | D:13     | Received a gift from Okawaru
 27051 | D:13     | Noticed Maurice
 27058 | D:13     | Killed Maurice
 27793 | D:14     | HP: 1/122 [fire elemental[a deep elf pyromancer] (7)]
 27794 | D:14     | Slain by a wraith

Illustrated notes

Levels and vault maps discovered:
D:1:      dpeg_arrival_more_subterranean_lakeside_camping, layout_basic,
          hellmonk_ecumenical_altar_run_dry, minmay_tetromino_o4
D:2:      layout_loops_ring
D:3:      layout_basic, uniq_natasha
D:4:      minmay_opposing_rooms, layout_loops_cross, kennysheep_slug_shrine,
          minmay_ruptured
D:5:      layout_rooms, dancing_weapons_uskayaw, nicolae_ru_awakened_eye,
          gammafunk_temple_overflow_pools, mainiacjoe_overflow_tiny_flanked,
          ebering_ghost_gozag, nicolae_figureground_pulse,
          uniq_crazy_yiuf_cottage, uniq_ijyb
D:6:      layout_rooms, xom_butterflies, kennysheep_cross_bottleneck,
          uniq_grinder
D:7:      layout_basic, amcnicky_altar_gilded, minmay_temple_entry_slanted
D:8:      layout_gridville, amcnicky_mini_rare_corridor_liquid
D:9:      layout_irregular_city, amethyst_overflow_temple_binary,
          lemuel_mausoleum_altar_yredelemnul, enter_bailey_3,
          columned_hall_lemuel, uniq_joseph
D:10:     layout_roguey, mainiacjoe_overflow_brackets,
          grunt_lair_entry_orc_guard_hut
D:11:     layout_basic, enter_trove_2
D:12:     layout_roguey, orc_0_dummy, wad_woods_river_04, uniq_rupert
D:13:     layout_basic, uniq_maurice
D:14:     layout_big_octagon, skrybe_vaults_entry_preservation,
          portal_ice_cave_entry_ice_statue_one, st_stairs_12, elyvilon_altar_5
Temple:   eino_wide_crystal_templ
Lair:1:   layout_hall_layers
Lair:2:   layout_loops_ring, gammafunk_ghost_necromancy, serial_bayou_pond_e,
          grunt_megastairs_3, infiniplex_staircase_pool_2
Lair:3:   layout_loops_ring, minmay_swamp_entry_worms,
          minmay_snake_entry_six_corridors, beast_lair_carwin_5
Orc:1:    layout_diamond_mine, basic_altar
Orc:2:    grunt_orc_community_town_hall, layout_diamond_mine,
          grunt_orc_community_big_house_2, grunt_orc_community_big_house_2,
          grunt_orc_community_house_1, grunt_orc_community_house_1,
          grunt_orc_community_house_3, grunt_orc_community_house_2

Skill      XL: |  1  2  3  4  5  6  7  8  9 10 11 12 13 |
---------------+----------------------------------------+-----
Armour         | 4 5 6 7 8 9 11 12 13 14 | 14.9
Shields        | 4 5 6 8 9 10 | 10.9
Long Blades    | 3 4 5 7 9 11 12 13 14 15 | 15.7
Fighting       | 4 5 7 8 9 10 11 13 | 13.2
Dodging        | 1 2 3 5 |  5.8
Stealth        | 1 2 4 |  4.9
Evocations     | 1 2 |  2.1
Invocations    | 1 2 3 |  3.2
Short Blades   | 2 |  2.5

Action                   |  1- 3 |  4- 6 |  7- 9 | 10-12 | 13-15 || total
-------------------------+-------+-------+-------+-------+-------++-------
Melee: Long sword        |    56 |   145 |   285 |   874 |    83 ||  1443
       Headbutt          |     6 |    19 |    58 |   242 |   100 ||   425
       Dagger            |       |       |       |    33 |       ||    33
       Scimitar          |       |       |       |       |   198 ||   198
       Double sword      |       |       |       |       |   136 ||   136
Invok: Heroism           |       |       |       |    50 |    15 ||    65
Evoke: Wand              |       |       |     5 |     8 |       ||    13
  Use: Scroll            |       |     6 |     4 |    11 |     1 ||    22
       Potion            |       |       |     2 |     8 |       ||    10
 Stab: Paralysed         |       |       |       |    21 |       ||    21
Armor: Scale mail        |    46 |    13 |       |       |       ||    59
       Plate armour      |       |    19 |       |       |       ||    19
       Chain mail        |       |    70 |   154 |   552 |   218 ||   994
Dodge: Dodged            |    39 |    58 |    91 |   478 |   190 ||   856
Block: Buckler           |    20 |    47 |    59 |   307 |   141 ||   574
